 Dungeon Crawl Stone Soup version 0.28-a0-1032-ga8db75c868 (webtiles) character file.

Game seed: 3114730692279547799

16122 Essalna the Thaumaturge (level 12, -6/95 HPs)
             Began as a Demonspawn Hedge Wizard on Dec 6, 2021.
             Was a Follower of Vehumet.
             Mangled by a black mamba (7 damage)
             ... on level 3 of the Lair of Beasts on Dec 7, 2021.
             The game lasted 00:53:38 (17625 turns).

Essalna the Thaumaturge (Demonspawn Hedge Wizard)  Turns: 17625, Time: 00:53:38

Health: -6/95      AC: 12    Str: 11    XL:     12   Next: 7%
Magic:  0/25       EV: 15    Int: 19    God:    Vehumet [*.....]
Gold:   701        SH:  0    Dex: 14    Spells: 22/29 levels left

rFire   + + .      SeeInvis .   k - +3 dagger (venom)
rCold   . . .      Faith    .   (no shield)
rNeg    . . .      Spirit   +   E - +1 robe {rF+}
rPois   .          Reflect  .   d - +2 helmet
rElec   .          Harm     .   o - +1 cloak
rCorr   .          Rampage  .   (no gloves)
Will    .....                   (no boots)
Stlth   +.........              (no amulet)
HPRegen 0.25/turn               g - ring of fire
MPRegen 0.38/turn               D - ring of protection from cold

@: confused, lethally poisoned (-6 -> -40), ambrosia-drunk, slowed, very slow
A: thin metallic scales 2, magic shield, magic regeneration, demonic magic 2,
demonic touch 1
a: Renounce Religion


You were on level 3 of the Lair of Beasts.
You worshipped Vehumet.
Vehumet was aware of your devotion.
You visited 3 branches of the dungeon, and saw 12 of its levels.
You also visited: Ossuary.

You collected 701 gold pieces.

Inventory:

Hand Weapons
 a - a +1 whip of electrocution
 k - a +3 dagger of venom (weapon)
Armour
 b - a +0 robe
 d - a +2 helmet (worn)
 f - a +0 buckler
 o - a +1 cloak (worn)
 E - a +1 robe of fire resistance (worn)
Magical Staves
 z - a staff of cold
Jewellery
 c - a ring of see invisible
 g - a ring of fire (left hand)
 D - a ring of protection from cold (right hand)
Wands
 p - a wand of paralysis (5)
 x - a wand of acid (1)
 C - a wand of iceblast (3)
Scrolls
 i - 3 scrolls of brand weapon
 l - 5 scrolls of enchant armour
 m - a scroll of fog
 v - 6 scrolls of identify
 y - 2 scrolls of amnesia
Potions
 e - a potion of magic {unknown}
 h - 3 potions of flight {unknown}
 j - 2 potions of degeneration {unknown}
 n - 6 potions of heal wounds {unknown}
 q - 4 potions of attraction {unknown}
 r - 3 potions of brilliance {unknown}
 s - 3 potions of lignification
 t - 2 potions of haste {unknown}
 u - 3 potions of mutation {unknown}
 w - 3 potions of invisibility {unknown}
 A - 2 potions of resistance {unknown}


   Skills:
 + Level 9.2 Fighting
 - Level 6.0 Armour
 - Level 8.0 Dodging
 - Level 1.7 Stealth
 + Level 9.4 Spellcasting
 - Level 7.0 Conjurations
 - Level 1.0 Summonings
 - Level 0.8 Translocations
 - Level 3.0 Transmutations
 - Level 2.0 Ice Magic
 + Level 3.4 Air Magic
 + Level 4.4 Poison Magic


You had 22 spell levels left.
You knew the following spells:

 Your Spells              Type           Power      Damage    Failure   Level
a - Magic Dart            Conj           100%       1d8       1%          1
b - Ignite Poison         Fire/Tmut/Pois 27%        N/A       9%          3
c - Mephitic Cloud        Conj/Pois/Air  27%        N/A       3%          3

Your spell library contained the following spells:

 Spells                   Type           Power      Damage    Failure   Level
 Foxfire                  Conj/Fire      100%       2x1d9     1%          1
 Freeze                   Ice            64%        1d8       3%          1
 Wereblood                Tmut           20%        N/A       3%          2
 Conjure Flame            Conj/Fire      33%        6-21      5%          3
 Pain                     Necr           32%        1d5       8%          1
 Slow                     Hex            32%        N/A       8%          1
 Call Imp                 Summ           12%        N/A       8%          2
 Blink                    Tloc           24%        N/A       9%          2
 Frozen Ramparts          Ice            32%        1d5       11%         3
 Sublimation of Blood     Necr           8%         N/A       12%         2
 Hailstorm                Conj/Ice       26%        3d7       12%         4
 Sticky Flame             Conj/Fire      33%        2d5       19%         4
 Tukima's Dance           Hex            8%         N/A       24%         3
 Irradiate                Conj/Tmut      13%        3d18      28%         5
 Passage of Golubria      Tloc           12%        N/A       50%         4
 Blade Hands              Tmut           10%        N/A       54%         5
 Yara's Violent Unravell  Hex/Tmut       7%         3d5       75%         5
 Agony                    Necr           8%         N/A       91%         5
 Excruciating Wounds      Necr           4%         N/A       91%         5
 Dragon Form              Tmut           10%        N/A       100%        7
 Summon Hydra             Summ           6%         N/A       100%        7


Dungeon Overview and Level Annotations

Branches:
Dungeon (8/15)             Temple (1/1) D:6            Lair (3/6) D:8
 Shoals (0/4) Lair:2        Snake (0/4) Lair:3      Ossuary (visited)

Altars:
Ashenzari
Cheibriados
Dithmenos
Elyvilon
Fedhas
Gozag
Hepliaklqana
Kikubaaqudgha
Makhleb
Nemelex Xobeh
Okawaru
Qazlal
Ru
Sif Muna
Trog
Uskayaw
Vehumet
Wu Jian
Xom
Yredelemnul
Zin
The Shining One

Shops:
D:4 =   D:7 !   D:8 *

Annotations:
D:4 Edmund
Lair:3 1 transporter, xoxolimbo's ghost, journeyman DsFE


Innate Abilities, Weirdness & Mutations

You are mostly covered in thin metallic scales. (AC +3)
When hurt, damage is shared between your health and your magic reserves.
You regenerate magic rapidly.
Spells you cast may paralyse nearby enemies.
Your touch may inflict minor irresistible damage on your foes.


Message History

You hit the black mamba.
The black mamba is poisoned.
You touch the black mamba.
The black mamba is heavily wounded.
The black mamba is no longer paralysed.
The black mamba bites you. The wolf closely misses you.
The black mamba bites you but does no damage.
The wolf bites you. The black mamba bites you!
You are poisoned.
The black mamba poisons you!
You miss the black mamba.
The black mamba is severely wounded.
You feel extremely sick. The black mamba barely misses you.
The wolf closely misses you. The black mamba bites you.
The torpor snail bites you!
* * * LOW HITPOINT WARNING * * *
The wolf barely misses you.
You hit the black mamba but do no damage.
You touch the black mamba.
The black mamba is severely wounded.
You feel very sick. The black mamba closely misses you.
The wolf completely misses you.
The wolf bites the yak.
The black mamba bites you but does no damage.
The wolf bites you.
* * * LOW HITPOINT WARNING * * *
The torpor snail bites you.
* * * LOW HITPOINT WARNING * * *
The black mamba bites you!
* * * LOW HITPOINT WARNING * * *
You are more poisoned.
The black mamba poisons you! The wolf closely misses you.
You are confused.
You feel invigorated.
* * * LOW HITPOINT WARNING * * *
You feel extremely sick.
The wolf seems less confused.
The black mamba bites you.
* * * LOW HITPOINT WARNING * * *
You are more poisoned.
The black mamba poisons you! The wolf misses you. The black mamba bites you!
You die...

# # #...##...P#.P........##
#####. #...##...#.Yw.........#
......####.......####..+.....†.#
...........###...# #....#......#
#. ..#....P.###### #Yh........##
# #...P..###.# #..........# #
###..>.##..####..........## #
####...P......##.h........PP#
####............@wY...###......#
............P###ShY...###.....##
......###...## ##.#.####.......#
...P.# ###.## ##### ###....###
..##. #?#..# #......# .###
##...# #....### .# #...# #....##
####### #...# #.....#
##....#####..## #### #.....#


You could see a torpor snail, a black mamba (poisoned), 2 yaks and 2 wolves.

Vanquished Creatures
  A centaur warrior (D:8)
  A two-headed ogre (D:6)
  A lindwurm (Lair:3)
  Pikel (D:6)
  A manticore (Lair:2)
  Maurice (D:8)
  4 black mambas (Lair:3)
  Maggie (D:8)
  4 cane toads
  Psyche (D:8)
  A rime drake (Lair:2)
  8 komodo dragons
  A wind drake (Lair:2)
  Prince Ribbit (D:6)
  A slime creature (Lair:2)
  Sigmund (D:3)
  A wyvern (D:8)
  3 yaks (Lair:3)
  2 basilisks
  2 steam dragons
  9 water moccasins
  Duvessa (D:6)
  An orc warrior (D:7)
  3 ice beasts
  A sky beast (D:7)
  A black bear (D:6)
  3 ogres
  A centaur (D:8)
  3 lemures
  18 wolves
  A kobold brigand (D:8)
  Blork the orc (D:4)
  10 scorpions
  9 bullfrogs
  A wyvern zombie (D:5)
  Dowan (D:6)
  A water moccasin skeleton (D:5)
  A wyvern skeleton (D:5)
  5 wights (D:7)
  An electric eel (D:6)
  A bullfrog zombie (D:4)
  2 orc priests
  Crazy Yiuf (D:4)
  A hound (D:7)
  5 jellies
  A gnoll shaman (D:7)
  2 human zombies (Ossuary)
  11 scorpion zombies (Ossuary)
  Natasha (thrice) (D:2)
  2 orc wizards (D:4)
  A hound skeleton (D:5)
  4 mummies
  Robin (D:3)
  4 gnolls (D:7)
  2 howler monkey zombies
  3 adders
  A shadow imp (D:6)
  2 ufetubi
  8 worms
  4 dart slugs (D:1)
  18 orcs
  21 endoplasms
  3 giant cockroaches
  A gnoll zombie (Ossuary)
  14 goblins
  7 hobgoblins
  10 jackals
  13 kobolds
  4 quokkas
  5 ball pythons
  5 bats
  3 frilled lizards
  2 hobgoblin zombies (Ossuary)
  4 kobold zombies (Ossuary)
  An orc zombie (Ossuary)
  12 rats
291 creatures vanquished.

Vanquished Creatures (others)
  22 fungi
  15 plants
37 creatures vanquished.

Grand Total: 328 creatures vanquished

Notes
Turn   | Place    | Note
-------+----------+-------------------------------------------
     0 | D:1      | Essalna the Demonspawn Hedge Wizard began the quest for the
                  | Orb.
     0 | D:1      | Reached XP level 1. HP: 13/13 MP: 4/4
   311 | D:1      | Gained mutation: You regenerate magic rapidly. [demonic
                  | ancestry]
   311 | D:1      | Reached XP level 2. HP: 18/19 MP: 3/6
   427 | D:1      | Found a faded altar of an unknown god.
   914 | D:1      | Gained mutation: Spells you cast may paralyse adjacent
                  | enemies. [demonic ancestry]
   914 | D:1      | Reached XP level 3. HP: 14/24 MP: 2/8
  2287 | D:2      | Noticed Natasha
  2294 | D:2      | Killed Natasha
  2295 | D:2      | Reached XP level 4. HP: 20/31 MP: 2/9
  2331 | D:2      | Noticed Natasha
  2335 | D:2      | Killed Natasha
  2554 | D:2      | Noticed Natasha
  2562 | D:2      | Killed Natasha
  2563 | D:2      | Reached skill level 1 in Fighting
  2696 | D:3      | Gained mutation: You are partially covered in thin metallic
                  | scales. (AC +2) [demonic ancestry]
  2696 | D:3      | Reached XP level 5. HP: 37/37 MP: 9/11
  2749 | D:3      | Noticed Robin
  2780 | D:4      | Reached skill level 1 in Armour
  2783 | D:4      | Found Gunuenup's Jewellery Shoppe.
  2835 | D:4      | Found a sand-covered staircase.
  2861 | Ossuary  | Entered an ossuary
  3025 | Ossuary  | Reached XP level 6. HP: 44/44 MP: 7/12
  3478 | Ossuary  | Gained mutation: When hurt, damage is shared between your
                  | health and your magic reserves. [demonic ancestry]
  3478 | Ossuary  | Reached XP level 7. HP: 51/51 MP: 2/14
  3796 | Ossuary  | Reached skill level 5 in Spellcasting
  4384 | Ossuary  | Gained mutation: Your touch may inflict minor irresistible
                  | damage on your foes. [demonic ancestry]
  4384 | Ossuary  | Reached XP level 8. HP: 50/59 MP: 7/15
  4585 | D:4      | Noticed Edmund
  4613 | D:3      | Killed Robin
  5025 | D:3      | Noticed Sigmund
  5042 | D:3      | Killed Sigmund
  5316 | D:4      | Noticed Blork the orc
  5326 | D:4      | Killed Blork the orc
  5411 | D:4      | Reached skill level 5 in Conjurations
  5556 | D:4      | Found a runed translucent door.
  5557 | D:4      | Noticed Crazy Yiuf
  5677 | D:5      | Entered Level 5 of the Dungeon
  7267 | D:4      | Killed Crazy Yiuf
  7376 | D:6      | Gained mutation: Spells you cast may paralyse nearby
                  | enemies. [demonic ancestry]
  7376 | D:6      | Reached XP level 9. HP: 66/66 MP: 12/18
  7437 | D:6      | Noticed Prince Ribbit
  7448 | D:6      | Killed Prince Ribbit
  7453 | D:6      | Reached skill level 5 in Fighting
  7537 | D:6      | Noticed Duvessa
  7538 | D:6      | Noticed Dowan
  7550 | D:6      | Killed Dowan
  7551 | D:6      | Reached skill level 5 in Dodging
  7553 | D:6      | Killed Duvessa
  7635 | D:6      | Noticed a two-headed ogre
  7647 | D:6      | Killed a two-headed ogre
  7648 | D:6      | Reached skill level 5 in Armour
  8375 | D:6      | Found a staircase to the Ecumenical Temple.
  8384 | Temple   | Entered the Ecumenical Temple
  8756 | D:6      | Noticed Pikel
  8780 | D:6      | Killed Pikel
  9404 | D:7      | Found Uceer's Distillery.
  9455 | D:7      | Reached XP level 10. HP: 62/74 MP: 13/20
 10545 | D:8      | Found Ledofeer's Gadget Gallery.
 10589 | D:8      | Noticed Maurice
 10601 | D:8      | Killed Maurice
 10623 | D:8      | Noticed a centaur warrior
 10874 | D:8      | Noticed Psyche
 10885 | D:8      | Killed Psyche
 10976 | D:8      | Found a radiant altar of Vehumet.
 10997 | D:8      | Became a worshipper of Vehumet
 11226 | D:8      | Killed a centaur warrior
 11756 | D:8      | Noticed Maggie
 11772 | D:8      | Killed Maggie
 11818 | D:8      | Found a staircase to the Lair.
 12069 | Lair:1   | Entered Level 1 of the Lair of Beasts
 12534 | Lair:1   | Learned a level 3 spell: Ignite Poison
 12961 | Lair:1   | Reached XP level 11. HP: 86/86 MP: 18/23
 13459 | Lair:2   | Upgraded the game from 0.28-a0-998-gb9e9c7b67e to
                  | 0.28-a0-1032-ga8db75c868
 13738 | Lair:2   | Reached skill level 1 in Transmutations
 13738 | Lair:2   | Reached skill level 1 in Ice Magic
 13738 | Lair:2   | Reached skill level 1 in Poison Magic
 13913 | Lair:2   | Learned a level 3 spell: Mephitic Cloud
 14170 | Lair:2   | Found a staircase to the Shoals.
 14479 | Lair:2   | Noticed a four-headed hydra
 15538 | Lair:2   | Reached skill level 1 in Air Magic
 16519 | Lair:3   | Reached * piety under Vehumet
 16519 | Lair:3   | Offered knowledge of Foxfire by Vehumet.
 16649 | Lair:3   | Noticed xoxolimbo's ghost (journeyman DsFE)
 16652 | Lair:3   | Found a transporter.
 16657 | Lair:3   | Noticed a lindwurm
 16671 | Lair:3   | Killed a lindwurm
 17302 | Lair:3   | Found a staircase to the Snake Pit.
 17482 | Lair:3   | Gained mutation: You are mostly covered in thin metallic
                  | scales. (AC +3) [demonic ancestry]
 17482 | Lair:3   | Reached XP level 12. HP: 95/95 MP: 14/25
 17624 | Lair:3   | HP: 3/95 [black mamba (10)]
 17625 | Lair:3   | HP: 1/95 [black mamba (1)]
 17625 | Lair:3   | Mangled by a black mamba

Illustrated notes

Levels and vault maps discovered:
D:1:      elethiomel_arrival_infinity_welcomes_careful_drivers,
          layout_loops_ring, chequers_ecumenical_altar_grove
D:2:      layout_basic, hex_medium, guppyfry_early_orc_mine, uniq_natasha
D:3:      layout_loops_ring, uniq_sigmund, uniq_robin
D:4:      layout_basic, serial_shops, nicolae_diamond_shop,
          gup_ossuary_entry_pyramid, uniq_blork_the_orc,
          uniq_crazy_yiuf_cottage, uniq_edmund
D:5:      nicolae_cairo_tiling_large, layout_layer_cave, nicolae_wormholes
D:6:      layout_basic, minmay_temple_entry_drinking_statues,
          minmay_misc_feat_ornament, kennysheep_donut, uniq_prince_ribbit1,
          uniq_pikel, uniq_duvessa
D:7:      layout_gridville, serial_shops, shop_statue
D:8:      layout_layer_cave, old_standard_altar, david_lair_shrubbed,
          hangedman_abyss_or_decor_lesser_grid, nicolae_shop_gadgets,
          uniq_maggie, uniq_maurice, uniq_psyche
Temple:   nicolae_temple_the_god_donut
Lair:1:   layout_small_grid, chequers_serial_rivers_small_a
Lair:2:   lemuel_slime, layout_chaotic_city, minmay_shoals_entry_beasts,
          basic_altar
Lair:3:   layout_chaotic_city, minmay_snake_entry_six_corridors,
          gammafunk_ghost_hive

Skill      XL: |  1  2  3  4  5  6  7  8  9 10 11 |
---------------+----------------------------------+-----
Conjurations   | 2 3 4 5 6 7 |  7.0
Dodging        | 2 3 4 5 7 8 |  8.0
Spellcasting   | 4 5 6 7 8 9 |  9.4
Fighting       | 1 2 3 4 6 7 9 |  9.2
Armour         | 1 2 3 4 5 6 |  6.0
Transmutations | 3 |  3.0
Ice Magic      | 2 |  2.0
Poison Magic   | 4 |  4.4
Air Magic      | 3 |  3.4
Stealth        | |  1.7
Summonings     | |  1.0
Translocations | |  0.8

Action                   |  1- 3 |  4- 6 |  7- 9 | 10-12 || total
-------------------------+-------+-------+-------+-------++-------
Melee: Dagger            |    39 |    43 |   122 |   195 ||   399
       Touch             |       |       |    20 |    62 ||    82
 Cast: Magic Dart        |   140 |   133 |   455 |   443 ||  1171
       Mephitic Cloud    |       |       |       |    23 ||    23
       Ignite Poison     |       |       |       |    11 ||    11
Evoke: Wand              |       |       |       |     3 ||     3
  Use: Scroll            |       |     6 |     4 |     5 ||    15
       Potion            |       |       |       |     5 ||     5
 Stab: Paralysed         |     1 |    35 |    93 |   127 ||   256
       Confused          |       |       |       |     2 ||     2
Armor: Robe              |    10 |    12 |    43 |    90 ||   155
       Skin              |       |       |     2 |       ||     2
Dodge: Dodged            |    38 |    24 |    76 |   225 ||   363

Table legend: (Time is in decaauts)
 A = Elapsed time spent in this place.
 B = Non-inter-level travel time spent in this place.
 C = Inter-level travel time spent in this place.
 D = Time resting spent in this place.
 E = Time spent auto-exploring this place.
 F = Levels seen in this place.
 G = Mean time per level.
                   A        B        C        D        E       F      G
               +--------+--------+--------+--------+--------+-----+--------+
         Total |  17630 |  17045 |    585 |    977 |  13319 |  13 | 1356.2 |
       Dungeon |  10131 |   9778 |    353 |    455 |   7869 |   8 | 1266.4 |
        Temple |    259 |    248 |     11 |      0 |    219 |   1 |  259.0 |
          Lair |   5570 |   5349 |    221 |    522 |   4008 |   3 | 1856.7 |
       Ossuary |   1668 |   1668 |      0 |      0 |   1223 |   1 | 1668.0 |
               +--------+--------+--------+--------+--------+-----+--------+

Top non-repeatable levels by time:
  Lair:2: 2796 daAuts
  Lair:1: 1895 daAuts
 Ossuary: 1668 daAuts
     D:1: 1613 daAuts
     D:8: 1597 daAuts
     D:6: 1539 daAuts
     D:7: 1315 daAuts
     D:5: 1196 daAuts
     D:4: 1021 daAuts
     D:2: 1014 daAuts
  Lair:3: 878 daAuts
     D:3: 834 daAuts
  Temple: 259 daAuts
